 Dungeon Crawl Stone Soup version 0.19-a0-892-g8a19e52 (webtiles) character file.

23 4thArraOfDagon the Covered (level 2, 0/24 HPs)
             Began as a Demigod Wanderer on July 4, 2016.
             Succumbed to an orc's poison
             ... on level 2 of the Dungeon.
             The game lasted 00:02:11 (465 turns).

4thArraOfDagon the Covered (Demigod Wanderer)        Turns: 465, Time: 00:02:12

Health: 0/24       AC:  5    Str: 16    XL:     2   Next: 54%
Magic:  5/5        EV: 10    Int: 13    God:
Gold:   0          SH:  0    Dex: 17    Spells: 0 memorised, 1 level left

rFire  . . .     SeeInvis .     b - +0 hand crossbow
rCold  . . .     Gourm    .     d - +0 ring mail
rNeg   . . .     Faith    .     (no shield)
rPois  .         Spirit   .     (no helmet)
rElec  +         Dismiss  .     (no cloak)
rCorr  .         Reflect  .     (no gloves)
SustAt +         Harm     .     (no boots)
MR     +....                    (no amulet)
Stlth  +.........               (no ring)
                                (no ring)

@: lethally poisoned (0 -> -7), somewhat resistant to hostile enchantments, very
unstealthy
A: high mp 1, magic resistance 1, electricity resistance, sustain attributes
a: no special abilities


You were on level 2 of the Dungeon.
You were not hungry.

You visited 1 branch of the dungeon, and saw 3 of its levels.

Inventory:

Hand Weapons
 b - a +0 hand crossbow (weapon)
 o - a +0 short sword
Missiles
 c - 21 bolts (quivered)
Armour
 d - a +0 ring mail (worn)
Scrolls
 e - a scroll of identify {unknown}
 h - a scroll of remove curse {unknown}
 l - a scroll of enchant weapon {unknown}
 m - a scroll of magic mapping {unknown}
 n - a scroll of amnesia {unknown}
Miscellaneous
 a - a box of beasts
Comestibles
 f - 2 bread rations
 i - a meat ration


   Skills:
 - Level 2.1 Fighting
   Level 1.0(1.1) Axes
   Level 1.0(1.1) Maces & Flails
 * Level 1.8 Crossbows
 - Level 1.0 Throwing
 - Level 3.6 Armour
 - Level 1.0 Evocations


You had one spell level left.
You didn't know any spells.

Dungeon Overview and Level Annotations

Branches:
Dungeon (3/15)


Innate Abilities, Weirdness & Mutations

You have an increased reservoir of magic. (+10% MP)
Your attributes are resistant to harm.
You are resistant to hostile enchantments. (MR+)
You are resistant to electric shocks. (rElec)


Message History

* * * LOW HITPOINT WARNING * * *
You feel sick.
You see here a giant cockroach corpse.
Unknown command.
It was a potion of mutation.
You feel extremely strange.
You feel genetically stable.
* * * LOW HITPOINT WARNING * * *
You feel sick. The orc barely misses you.
Unknown command.
It was a potion of cure mutation.
It has a very clean taste.
You feel genetically unstable. The orc hits you but does no damage.
You feel extremely strange.
You feel insulated.
You feel resistant to hostile enchantments.
* * * LOW HITPOINT WARNING * * *
You feel sick. The orc hits you but does no damage.
Unknown command.
Unknown command.
You die...

#... ### #..# .. #..######
#.# ####.......# ..
#..'...†...# #.##.##.......#
#..#.##.......#
#########.#.###'############
................@.o.>.......
##########..########..#####.
#..... #..# #..#### #..#
...# #..# ....# #..# ......
#..# ....... #..#


You could see an orc.

Vanquished Creatures
  An adder (D:2)
  A giant cockroach (D:2)
  2 hobgoblins
  A quokka (D:2)
  4 goblins (D:2)
  5 rats
14 creatures vanquished.

Notes
Turn   | Place    | Note
-------+----------+-------------------------------------------
     0 | D:1      | 4thArraOfDagon the Demigod Wanderer began the quest for the Orb.
     0 | D:1      | 4thArraOfDagon set off with: a box of beasts, a +0 hand crossbow, 26 bolts, a +0 ring mail, a bread ration
     0 | D:1      | Reached XP level 1. HP: 17/17 MP: 3/3
     0 | D:1      | 4thArraOfDagon: jaq
     0 | D:1      | 4thArraOfDagon: advise me please
    25 | D:1      | jacquesderrida: i jaq
    66 | D:2      | jacquesderrida: shoot mans with bolts
   215 | D:2      | jacquesderrida: launch bolts with that sophisticated wooden contraption
   287 | D:1      | jacquesderrida: Do not call ambulance for the wounded mans
   320 | D:2      | Reached skill level 1 in Crossbows
   322 | D:2      | Reached XP level 2. HP: 12/24 MP: 5/5
   457 | D:2      | HP: 1/24 [poisoned by an orc]
   461 | D:2      | Gained mutation: You are somewhat resistant to further mutation. [potion of mutation]
   462 | D:2      | Lost mutation: You are somewhat resistant to further mutation. [potion of cure mutation]
   463 | D:2      | Gained mutation: You are resistant to electric shocks. (rElec) [potion of mutation]
   463 | D:2      | Gained mutation: You are resistant to hostile enchantments. (MR+) [potion of mutation]
   463 | D:2      | HP: 1/24 [poisoned by an orc]
   465 | D:2      | Succumbed to an orc's poison

Vault maps used:
D:1:      dpeg_arrival_simpleton_b
D:2:      first_bread
D:3:      dk_noncrumbling_4, fedhas_altar_3

Skill      XL: |  1 |
---------------+----+-----
Fighting       | 2 |  2.1
Crossbows      | 1 |  1.8
Axes           | |  1.0
Maces & Flails | |  1.0
Throwing       | |  1.0
Armour         | |  3.6
Evocations     | |  1.0

Action                   || total
-------------------------++-------
Melee: Short sword       ||     3
 Fire: Hand crossbow     ||    35
  Use: Potion            ||     5
Armor: Ring mail         ||    14
Dodge: Dodged            ||    14
